 Dungeon Crawl Stone Soup version 0.27-a0-899-ge2d0b17c59 (webtiles) character file.

Game seed: 4722037679749735504

2520 leviel the Shield-Bearer (level 9, -2/67 HPs)
             Began as a Hill Orc Fighter on Apr 5, 2021.
             Was a Follower of Hepliaklqana.
             Succumbed to a hornet's poison
             ... on level 10 of the Dungeon.
             The game lasted 00:16:41 (9803 turns).

leviel the Shield-Bearer (Hill Orc Fighter)         Turns: 9803, Time: 00:16:42

Health: -2/67      AC: 10    Str: 24    XL:     9   Next: 54%
Magic:  13/13      EV: 10    Int:  5    God:    Hepliaklqana [*.....]
Gold:   362        SH: 16    Dex: 10    Spells: 13/13 levels left

rFire    . . .     SeeInvis +   h - +1 dagger (venom)
rCold    . . .     Faith    .   c - +0 kite shield
rNeg     . . .     Spirit   .   i - +1 leather armour of Pantheism {Int-5 Slay+5 SInv}
rPois    .         Reflect  +   (no helmet)
rElec    .         Harm     .   (no cloak)
rCorr    .         Rampage  .   (no gloves)
Will     .....                  u - +0 pair of boots
Stlth    ..........             k - amulet of reflection
HPRegen  0.21/turn              j - +4 ring of protection
MPRegen  0.13/turn              (no ring)

@: lethally poisoned (-2 -> -13), silenced
A: reduced essence, clever 1, strong 1
a: Renounce Religion


You were on level 10 of the Dungeon.
You worshipped Hepliaklqana.
Hepliaklqana was aware of your devotion.
You visited 2 branches of the dungeon, and saw 11 of its levels.

You collected 362 gold pieces.

Inventory:

Hand Weapons
 a - a +0 war axe
 h - a +1 dagger of venom (weapon)
Missiles
 o - a throwing net
 q - 22 poisoned darts (quivered)
Armour
 c - a +0 kite shield (worn)
 i - the +1 leather armour of Pantheism (worn) {Int-5 Slay+5 SInv}
   (You found it on level 6 of the Dungeon)

   It affects your intelligence (-5).
   It affects your accuracy and damage with ranged weapons and melee attacks
   (+5).
   It lets you see invisible.
 u - a +0 pair of boots (worn)
Jewellery
 j - a +4 ring of protection (left hand)
 k - an amulet of reflection (around neck)
 l - a ring of magical power
Scrolls
 f - 3 scrolls of identify
Potions
 d - a potion of might
 g - a potion of attraction {unknown}
 n - a potion of flight
 p - a potion of ambrosia


   Skills:
 + Level 5.8 Fighting
 + Level 4.8 Short Blades
 + Level 3.9 Axes
 + Level 0.3 Throwing
 + Level 6.2 Armour
 + Level 3.0 Dodging
 + Level 1.1 Stealth
 + Level 7.3 Shields
 * Level 2.8 Spellcasting
 * Level 3.0 Transmutations


You had 13 spell levels left.
You didn't know any spells.
Your spell library contained the following spells:

 Spells                   Type           Power      Damage    Failure   Level
 Beastly Appendage        Tmut           6%         N/A       34%         1
 Wereblood                Tmut           3%         N/A       45%         2
 Animate Skeleton         Necr           0%         N/A       77%         1
 Apportation              Tloc           0%         N/A       77%         1
 Corona                   Hex            0%         N/A       77%         1
 Freeze                   Ice            0%         1d3       77%         1
 Magic Dart               Conj           0%         1d3       77%         1
 Summon Small Mammal      Summ           0%         N/A       77%         1
 Searing Ray              Conj           0%         3d3       88%         2
 Spider Form              Tmut/Pois      1%         N/A       88%         3
 Dazzling Flash           Conj/Hex       0%         N/A       98%         3
 Frozen Ramparts          Ice            0%         1d2       98%         3
 Ozocubu's Armour         Ice            0%         N/A       98%         3
 Ice Form                 Ice/Tmut       2%         N/A       99%         4
 Fulminant Prism          Conj/Hex       0%         3d6       100%        4
 Hailstorm                Conj/Ice       0%         3d3       100%        4
 Iskenderun's Mystic Bla  Conj/Tloc      0%         2d3       100%        4
 Summon Ice Beast         Ice/Summ       0%         N/A       100%        4
 Hydra Form               Tmut           1%         N/A       100%        5


Dungeon Overview and Level Annotations

Branches:
Dungeon (10/15)            Temple (1/1) D:6
   Lair: D:8-11         Orc: D:9-12

Altars:
Ashenzari
Cheibriados
Dithmenos
Fedhas
Gozag
Hepliaklqana
Kikubaaqudgha
Makhleb
Nemelex Xobeh
Qazlal
Ru
Sif Muna
Trog
Uskayaw
Vehumet
Wu Jian
Xom
Yredelemnul
Zin
The Shining One

Annotations:
D:4 1 runed translucent door, Crazy Yiuf
D:5 1 runed translucent door, quinnr's ghost, novice OpSu


Innate Abilities, Weirdness & Mutations

Your life essence is reduced to manifest your ancestor. (-10% HP)
Your mind is acute. (Int +2)
Your muscles are strong. (Str +2)


Message History

a +4 shortbow of freezing; 30 arrows A centaur comes into view.
Jaydra hits the acid dragon!
The acid dragon completely misses Jaydra.
The acid dragon claws Jaydra.
The hornet stings you!
* * * LOW HITPOINT WARNING * * *
You are poisoned.
You feel as though you will be slow longer.
There is a stone staircase leading down, spattered with blood here.
* * * LOW HITPOINT WARNING * * *
You feel very sick. You block the hornet's attack.
Ancestor HP restored.
Jaydra completely misses the acid dragon.
The acid dragon bites Jaydra.
The acid dragon claws Jaydra.
You block the kobold's attack.
Jaydra hits the acid dragon!
You block the hornet's attack.
You climb downwards.
You feel sick.
Found 37 gold pieces.
Found a stone staircase leading down.
There is a stone staircase leading up here.
Okay, then.
As you read the scroll labelled GYNOGI MOTT, it crumbles to dust.
The scroll dissolves into smoke.
It was a scroll of fog.
You feel very sick. You block the hornet's attack.
The kobold completely misses you. The hornet stings you.
* * * LOW HITPOINT WARNING * * *
You suddenly lose the ability to move!
The kobold hits you with a +0 short sword.
* * * LOW HITPOINT WARNING * * *
You can move again.
As you read the scroll labelled UXEOZAQ JIPISS, it crumbles to dust.
A profound silence engulfs you.
It was a scroll of silence.
You feel yourself speed up.
You are no longer corroded.
You feel sick. The hornet stings you.
* * * LOW HITPOINT WARNING * * *
You are more poisoned.
You shrug off the repeated paralysis!
You block the hornet's attack. You block the kobold's attack.
The hornet stings you but does no damage.
You die...

#.......#
#.......#
#...$...#
#..$....#
#.......#
#§§§....##
#§y§......
#§§§....#
#K@§§...#
#.§§§...#
#§§§....#
#.......#
........#
........#
#.>......#
#.. ...


You could see a hornet and a kobold.

Vanquished Creatures
  A wyvern (D:7)
  A black bear (D:6)
  2 orc warriors
  3 ogres
  An ice beast (D:6)
  A centaur (D:9)
  A wyvern skeleton (D:6)
  A water moccasin skeleton (D:5)
  16 killer bees (D:7)
  An electric eel (D:6)
  A howler monkey (D:5)
  A bullfrog zombie (D:6)
  3 centaur zombies
  A bullfrog skeleton (D:5)
  5 orc priests
  A centaur skeleton (D:5)
  Terence (D:2)
  2 iguanas (D:6)
  4 orc wizards
  Natasha (thrice) (D:2)
  A hound skeleton (D:5)
  A howler monkey skeleton (D:3)
  7 adders
  2 worms
  2 dart slugs
  25 orcs
  3 ball pythons (D:1)
  7 endoplasms
  10 goblins
  9 hobgoblins
  6 jackals
  4 quokkas
  5 bats
  3 frilled lizards
  11 kobolds
  10 rats
156 creatures vanquished.

Vanquished Creatures (collateral kills)
  An orc (D:7)
1 creature vanquished.

Vanquished Creatures (others)
  3 ancestors (D:7)
  3 orcs (D:8)
  21 plants (D:6)
27 creatures vanquished.

Grand Total: 184 creatures vanquished

Notes
Turn   | Place    | Note
-------+----------+-------------------------------------------
     0 | D:1      | leviel the Hill Orc Fighter began the quest for the Orb.
     0 | D:1      | Reached XP level 1. HP: 19/19 MP: 1/1
   171 | D:1      | Reached XP level 2. HP: 26/27 MP: 2/2
  1105 | D:1      | Reached XP level 3. HP: 29/33 MP: 3/3
  1459 | D:2      | Noticed Terence
  1471 | D:2      | Killed Terence
  1472 | D:2      | Reached XP level 4. HP: 40/40 MP: 4/4
  1493 | D:2      | Noticed Natasha
  1502 | D:2      | Killed Natasha
  1503 | D:2      | Reached skill level 4 in Shields
  1657 | D:2      | Found a sparkling altar of Nemelex Xobeh.
  1705 | D:2      | Noticed Natasha
  1710 | D:2      | Killed Natasha
  1711 | D:2      | Reached skill level 1 in Short Blades
  1711 | D:2      | Reached XP level 5. HP: 33/46 MP: 5/5
  1873 | D:2      | Found a faded altar of an unknown god.
  1927 | D:2      | Noticed Natasha
  1937 | D:2      | Killed Natasha
  2727 | D:3      | Reached XP level 6. HP: 27/55 MP: 6/6
  3438 | D:4      | Reached skill level 1 in Dodging
  4268 | D:4      | Found a runed translucent door.
  4269 | D:4      | Noticed Crazy Yiuf
  4550 | D:4      | Gained mutation: You tend to lose your temper in combat.
                  | [potion of mutation]
  4550 | D:4      | Gained mutation: You are partially covered in iridescent
                  | scales. (AC +2) [potion of mutation]
  4550 | D:4      | Gained mutation: Your muscles are strong. (Str +2) [potion
                  | of mutation]
  4550 | D:4      | Gained mutation: You are somewhat resistant to further
                  | mutation. [potion of mutation]
  4690 | D:4      | Lost mutation: You are somewhat resistant to further
                  | mutation. [potion of mutation]
  4690 | D:4      | Lost mutation: You tend to lose your temper in combat.
                  | [potion of mutation]
  4690 | D:4      | Lost mutation: You are partially covered in iridescent
                  | scales. (AC +2) [potion of mutation]
  4690 | D:4      | Lost mutation: Your muscles are strong. (Str +2) [potion of
                  | mutation]
  4690 | D:4      | Gained mutation: You have a pair of small horns on your
                  | head. [potion of mutation]
  4690 | D:4      | Gained mutation: Your mind is acute. (Int +2) [potion of
                  | mutation]
  4691 | D:4      | Lost mutation: Your mind is acute. (Int +2) [potion of
                  | mutation]
  4691 | D:4      | Lost mutation: You have a pair of small horns on your head.
                  | [potion of mutation]
  4691 | D:4      | Gained mutation: Your mind is acute. (Int +2) [potion of
                  | mutation]
  4691 | D:4      | Gained mutation: Your muscles are strong. (Str +2) [potion
                  | of mutation]
  4907 | D:5      | Entered Level 5 of the Dungeon
  4935 | D:5      | Reached skill level 5 in Fighting
  4935 | D:5      | Reached skill level 5 in Shields
  4935 | D:5      | Reached XP level 7. HP: 61/61 MP: 7/7
  4956 | D:5      | Reached skill level 5 in Armour
  5023 | D:5      | Reached skill level 1 in Transmutations
  5446 | D:5      | Found a runed translucent door.
  5676 | D:5      | Found a radiant altar of Vehumet.
  5726 | D:5      | Found a hazy altar of Hepliaklqana.
  5729 | D:5      | Found a basalt altar of Yredelemnul.
  5732 | D:5      | Found a stormy altar of Qazlal.
  6080 | D:5      | Noticed quinnr's ghost (novice OpSu)
  6151 | D:6      | Reached skill level 1 in Spellcasting
  6151 | D:6      | Reached XP level 8. HP: 51/68 MP: 9/9
  6177 | D:6      | Reached skill level 6 in Shields
  7274 | D:6      | Identified the +1 leather armour of Pantheism {Int-5 Slay+5
                  | SInv}
  7568 | D:6      | Found a staircase to the Ecumenical Temple.
  7714 | Temple   | Entered the Ecumenical Temple
  7922 | D:5      | Became a worshipper of Hepliaklqana the Forgotten
  8053 | D:7      | Reached XP level 9. HP: 10/66 MP: 12/12
  8364 | D:7      | Reached skill level 1 in Stealth
  8817 | D:7      | Reached skill level 7 in Shields
  9156 | D:7      | Noticed a hornet
  9672 | D:7      | Reached * piety under Hepliaklqana
  9741 | D:7      | You fall into a shaft and drop 2 floors!
  9789 | D:9      | Noticed a hornet
  9800 | D:10     | Entered Level 10 of the Dungeon
  9801 | D:10     | Paralysed by a hornet for 1 turns
  9802 | D:10     | HP: 1/67 [hornet (4)]
  9803 | D:10     | Succumbed to a hornet's poison

Illustrated notes

Levels and vault maps discovered:
D:1:      ncdulo_lavacross, layout_basic, minmay_misc_feat_plants, st_stairs_6
D:2:      layout_rooms, basic_altar, chequers_ecumenical_altar_simple,
          kennysheep_generic_room_12, uniq_terence, uniq_natasha
D:3:      corexii_shack_village, layout_basic
D:4:      layout_loops_cross, serial_glass, glass_columns_b, glass_columns_a,
          feat_on_display, due_unseen_surprise, minmay_strange_pillars,
          minmay_strange_pillars, uniq_crazy_yiuf_cottage
D:5:      layout_basic, grunt_temple_overflow_cloverleaf,
          ebering_ghost_reflecting_pool
D:6:      layout_rooms, temple_statues, glass_columns_a, serial_bayou_lagoon_a
D:7:      layout_loops_ring
D:8:      layout_cave_pools, gammafunk_temple_overflow_pools, erik_lair_dragon,
          minmay_ruffians, uniq_gastronok, uniq_prince_ribbit1
D:9:      layout_basic, billiards_dpeg
D:10:     layout_long_grid, serial_shops, shop, dk_noncrumbling_3
Temple:   lightli_temple_of_artemis

Skill      XL: |  1  2  3  4  5  6  7  8  9 |
---------------+----------------------------+-----
Fighting       | 4 5 |  5.8
Axes           | 3 |  3.9
Shields        | 4 5 6 7 |  7.3
Short Blades   | 1 2 3 4 |  4.8
Armour         | 4 5 6 |  6.2
Dodging        | 1 2 3 |  3.0
Transmutations | 1 2 3 |  3.0
Spellcasting   | 1 2 |  2.8
Stealth        | 1 |  1.1
Throwing       | |  0.3

Action                   |  1- 3 |  4- 6 |  7- 9 || total
-------------------------+-------+-------+-------++-------
Melee: War axe           |    40 |       |       ||    40
       Dagger            |    39 |   215 |   379 ||   633
Throw: Throwing net      |       |     1 |       ||     1
       Dart              |       |     5 |       ||     5
Invok: Recall Ancestor   |       |       |     3 ||     3
  Use: Scroll            |       |     9 |     5 ||    14
       Potion            |       |     5 |     6 ||    11
Armor: Scale mail        |    32 |   110 |   126 ||   268
       Leather armour    |       |       |    54 ||    54
Dodge: Dodged            |    28 |    58 |   146 ||   232
Block: Kite shield       |    49 |   102 |   280 ||   431
       Reflection        |       |       |     9 ||     9

Table legend: (Time is in decaauts)
 A = Elapsed time spent in this place.
 B = Non-inter-level travel time spent in this place.
 C = Inter-level travel time spent in this place.
 D = Time resting spent in this place.
 E = Time spent auto-exploring this place.
 F = Levels seen in this place.
 G = Mean time per level.
                   A        B        C        D        E       F      G
               +--------+--------+--------+--------+--------+-----+--------+
         Total |   9859 |   9484 |    375 |   2956 |   5017 |  11 |  896.3 |
       Dungeon |   9720 |   9358 |    362 |   2956 |   4910 |  10 |  972.0 |
        Temple |    138 |    126 |     12 |      0 |    107 |   1 |  138.0 |
               +--------+--------+--------+--------+--------+-----+--------+

Top non-repeatable levels by time:
     D:6: 1818 daAuts
     D:5: 1608 daAuts
     D:4: 1508 daAuts
     D:3: 1372 daAuts
     D:1: 1307 daAuts
     D:7: 1208 daAuts
     D:2: 790 daAuts
  Temple: 138 daAuts
     D:9: 63 daAuts
     D:8: 39 daAuts
    D:10: 4 daAuts
